 Dungeon Crawl Stone Soup version 0.21-a0-2-ge494091 (webtiles) character file.

2523 Lexie the Firebug (level 9, -10/51 HPs)
             Began as an Octopode Fire Elementalist on May 22, 2017.
             Was a Follower of Vehumet.
             Mangled by a troll (13 damage)
             ... on level 10 of the Dungeon.
             The game lasted 00:18:09 (10448 turns).

Lexie the Firebug (Octopode Fire Elementalist)     Turns: 10448, Time: 00:18:10

Health: -10/51     AC:  2    Str:  7    XL:     9   Next: 54%
Magic:  7/19       EV: 15    Int: 25    God:    Vehumet [*.....]
Gold:   304        SH:  6    Dex: 13    Spells: 6/21 levels left

rFire    . . .     SeeInvis .   n - +1 dagger
rCold    . . .     Gourm    .   o - +1 buckler
rNeg     . . .     Faith    .   s - +1 hat
rPois    .         Spirit   .   (no amulet)
rElec    .         Reflect  .   c - +2 ring of evasion
rCorr    .         Harm     .   t - +5 ring of intelligence
MR       .....                  x - ring of loudness (curse)
Stlth    ++........             z - ring of wizardry
Regen    0.2/turn               (no ring)
MPRegen  0.2/turn               (no ring)
                                (no ring)
                                (no ring)

@: no status effects
A: almost no armour, stealthy swim, amphibious, 8 rings, constrict 8, camouflage
1, gelatinous body 1
a: Renounce Religion


You were on level 10 of the Dungeon.
You worshipped Vehumet.
Vehumet was aware of your devotion.
You were very hungry.

You visited 2 branches of the dungeon, and saw 9 of its levels.

You collected 304 gold pieces.

Inventory:

Hand Weapons
 n - a +1 dagger (weapon)
Missiles
 E - 7 needles of sleeping
Armour
 o - a +1 buckler (worn)
 s - a +1 hat (worn)
Jewellery
 c - a +2 ring of evasion (left tentacle)
 t - a +5 ring of intelligence (right tentacle)
 x - a cursed ring of loudness (on tentacle)
 z - a ring of wizardry (on tentacle)
 C - an uncursed amulet of guardian spirit
Wands
 f - a wand of disintegration (21/24)
 l - a wand of paralysis (5/24)
Scrolls
 e - a scroll of magic mapping {unknown}
 i - 4 scrolls of enchant armour
 j - 8 scrolls of identify
 m - 6 scrolls of remove curse
 v - a scroll of blinking {unknown}
 w - a scroll of amnesia
 y - 2 scrolls of fear {unknown}
 D - a scroll of immolation {unknown}
Potions
 d - 2 potions of heal wounds
 g - 6 potions of curing {unknown}
 k - 3 potions of lignification {unknown}
 r - 2 potions of haste {unknown}
 u - 2 potions of might {unknown}
 A - a potion of berserk rage
 B - a potion of flight {unknown}
 H - a potion of brilliance {unknown}
 I - a potion of magic {unknown}
Books
 a - a book of Flames

   Spells                             Type                      Level
   a - Flame Tongue                   Conjuration/Fire             1
   b - Throw Flame                    Conjuration/Fire             2
   c - Conjure Flame                  Conjuration/Fire             3
   d - Inner Flame                    Hexes/Fire                   3
   e - Sticky Flame                   Conjuration/Fire             4
   f - Fireball                       Conjuration/Fire             5
 p - a book of Cantrips

   Spells                             Type                      Level
   a - Confusing Touch                Hexes                        1
   b - Animate Skeleton               Necromancy                   1
   c - Summon Small Mammal            Summoning                    1
   d - Apportation                    Translocation                1
 F - a book of Frost

   Spells                             Type                      Level
   a - Freeze                         Ice                          1
   b - Throw Frost                    Conjuration/Ice              2
   c - Ozocubu's Armour               Charms/Ice                   3
   d - Throw Icicle                   Conjuration/Ice              4
   e - Summon Ice Beast               Ice/Summoning                4
Comestibles
 b - 4 bread rations
 h - 4 meat rations
 q - 3 fruits


   Skills:
 - Level 2.0 Dodging
 - Level 2.6 Stealth
 - Level 4.0 Shields
 + Level 6.6 Spellcasting
 + Level 6.6 Conjurations
 + Level 7.6 Fire Magic


You had 6 spell levels left.
You knew the following spells:

 Your Spells              Type           Power        Failure   Level  Hunger
a - Flame Tongue          Conj/Fire      #####        1%          1    None
b - Throw Flame           Conj/Fire      #####.       1%          2    None
c - Conjure Flame         Conj/Fire      #####...     1%          3    None
d - Sticky Flame          Conj/Fire      #####...     1%          4    ###....
e - Fireball              Conj/Fire      #####.....   4%          5    #####..


Dungeon Overview and Level Annotations

Branches:
Dungeon (7/15)             Temple (1/1) D:5

Altars:
Ashenzari
Cheibriados
Dithmenos
Elyvilon
Fedhas
Gozag
Hepliaklqana
Kikubaaqudgha
Makhleb
Nemelex Xobeh
Okawaru
Qazlal
Ru
Sif Muna
Trog
Uskayaw
Vehumet
Wu Jian
Xom
Yredelemnul
Zin
The Shining One

Shops:
D:5 !(   D:10 :


Innate Abilities, Weirdness & Mutations

You cannot wear most types of armour.
You are very stealthy in the water. (Stealth+)
You are amphibious.
You can wear up to eight rings at the same time.
You can use your tentacles to constrict eight enemies at once.
Your skin changes colour to match your surroundings (Stealth+).
Your rubbery body absorbs attacks. (AC +1, EV +1)


Message History

Found a jewelled dagger and 9 gold pieces.
There is a stone staircase leading up here.
Casting: Conjure Flame
Confirm with . or Enter, or press ? or * to list all spells.
Aiming: Sticky Flame
Press: ? - help, Shift-Dir - straight line, f - troll
Aim: a troll The sticky flame hits the troll.
The troll is lightly wounded.
The troll is covered in liquid flames!
The troll burns!
The wyvern appears out of thin air!
The troll bites you! The troll claws you! You block the troll's attack.
The wyvern hisses angrily.
The troll burns!
The wyvern bites you!!
* * * LOW HITPOINT WARNING * * *
The troll burns!
The wyvern bites you.
* * * LOW HITPOINT WARNING * * *
The troll completely misses you. You block the troll's attack.
The troll claws you!
You die...

#. #.# ... #.## #..##
#....# #...# #....## #
##.#.#########......
...###.l@∩.......##..#.##
......$T#.######.##..#.##
...###).#.######.##......
#.<#.S...##.##.#....
#.....##.##.##......
#.##................ #.
#...#%##.##>[.... #.
#.....##.####.... #.
##.%####.# #...#


You could see a troll (burning), a wyvern and an adder.

Vanquished Creatures
  Sigmund (D:2)
  A sky beast (D:6)
  A necrophage (D:5)
  An ice beast (D:6)
  2 centaurs
  An ogre (D:10)
  The ghost of rlgrobin the Sneak, an amateur OpEn (D:3)
  2 big kobolds (D:7)
  5 bullfrogs
  A wyvern zombie (D:6)
  A water moccasin skeleton (D:6)
  5 wights (D:6)
  A howler monkey (D:4)
  4 crimson imps
  2 hounds
  3 orc priests
  Natasha (thrice) (D:2)
  An orc wizard (D:7)
  4 iguanas
  7 worker ants
  Robin (D:3)
  2 gnolls (D:2)
  12 adders
  2 shadow imps
  2 oozes
  An adder skeleton (D:5)
  5 worms
  6 dart slugs
  2 leopard geckos (D:1)
  15 orcs
  8 bats
  2 bat zombies (D:7)
  6 giant cockroaches
  11 goblins
  10 hobgoblins
  3 jackals (D:3)
  4 quokkas
  2 ball pythons
  7 frilled lizards
  A jackal skeleton (D:6)
  18 kobolds
  A quokka zombie (D:7)
  14 rats
  2 rat zombies (D:7)
184 creatures vanquished.

Notes
Turn   | Place    | Note
-------+----------+-------------------------------------------
     0 | D:1      | Lexie the Octopode Fire Elementalist began the quest for the Orb.
     0 | D:1      | Reached XP level 1. HP: 11/11 MP: 3/3
   267 | D:1      | Reached XP level 2. HP: 17/17 MP: 0/5
   804 | D:1      | Reached XP level 3. HP: 19/21 MP: 0/6
  1328 | D:2      | Learned a level 2 spell: Throw Flame
  1332 | D:2      | Learned a level 3 spell: Conjure Flame
  1382 | D:2      | Noticed a moth of wrath
  1385 | D:2      | Found a bloodstained altar of Trog.
  1564 | D:2      | Reached XP level 4. HP: 27/27 MP: 3/8
  1622 | D:2      | Noticed Natasha
  1624 | D:2      | Killed Natasha
  1704 | D:2      | Noticed Sigmund
  1987 | D:2      | Noticed Natasha
  1997 | D:2      | Killed Natasha
  1997 | D:2      | Reached skill level 4 in Fire Magic
  2187 | D:2      | Noticed Natasha
  2192 | D:2      | Killed Natasha
  2192 | D:2      | Reached XP level 5. HP: 20/31 MP: 4/9
  2300 | D:2      | Learned a level 4 spell: Sticky Flame
  2331 | D:2      | Found a sparkling altar of Nemelex Xobeh.
  2440 | D:2      | Found an ornate altar of the Wu Jian Council.
  3146 | D:3      | Noticed rlgrobin's ghost (amateur OpEn)
  3176 | D:3      | Killed rlgrobin's ghost
  3176 | D:3      | Reached XP level 6. HP: 25/36 MP: 3/11
  3368 | D:3      | Found a blossoming altar of Fedhas.
  3369 | D:3      | Found a snail-covered altar of Cheibriados.
  3369 | D:3      | Found a stormy altar of Qazlal.
  3370 | D:3      | Found a white marble altar of Elyvilon.
  3680 | D:3      | Noticed Robin
  3961 | D:3      | Reached skill level 5 in Fire Magic
  4264 | D:4      | Found a basalt altar of Yredelemnul.
  4428 | D:4      | Reached XP level 7. HP: 41/41 MP: 11/13
  4781 | D:4      | Reached skill level 1 in Shields
  5334 | D:2      | Killed Sigmund
  5516 | D:3      | Killed Robin
  5606 | D:5      | Entered Level 5 of the Dungeon
  5683 | D:5      | Found Quxiparpho's Distillery.
  5719 | D:5      | Found a staircase to the Ecumenical Temple.
  5720 | D:5      | Found Weutikluat's Antique Weapon Shoppe.
  5793 | Temple   | Entered the Ecumenical Temple
  6216 | D:5      | Reached XP level 8. HP: 46/46 MP: 10/15
  6312 | D:5      | Found a hide-covered altar of Uskayaw.
  6434 | D:5      | Reached skill level 5 in Spellcasting
  6543 | D:5      | Found a deep blue altar of Sif Muna.
  6868 | D:6      | Reached skill level 5 in Conjurations
  6868 | D:6      | Reached skill level 6 in Fire Magic
  8040 | D:6      | HP: 2/46 [centaur (8)]
  8374 | D:6      | Found a shimmering altar of Xom.
  8675 | D:6      | Found a glowing silver altar of Zin.
  8707 | D:6      | Reached XP level 9. HP: 51/51 MP: 8/17
  9305 | D:7      | Found a burning altar of Makhleb.
  9356 | D:7      | Found a radiant altar of Vehumet.
  9362 | D:7      | Reached skill level 7 in Fire Magic
  9448 | D:7      | Became a worshipper of Vehumet
  9589 | D:7      | Learned a level 5 spell: Fireball
 10229 | D:7      | Found an ancient bone altar of Kikubaaqudgha.
 10394 | D:7      | You fall through a shaft for 3 floors!
 10394 | D:10     | Entered Level 10 of the Dungeon
 10410 | D:10     | Reached * piety under Vehumet
 10410 | D:10     | Offered knowledge of Sting by Vehumet.
 10435 | D:10     | Noticed a troll
 10441 | D:10     | Found Monym's Book Boutique.
 10448 | D:10     | Mangled by a troll

Vault maps used:
D:1:      wheals_arrival_linesprint
D:2:      nicolae_overflow_crystal_walls, old_standard_altar, tgw_trog,
          uniq_natasha, uniq_sigmund
D:3:      chequers_temple_overflow_statue_of_worship, uniq_robin
D:4:      yredelemnul_altar_generic, first_bread, minmay_cupped
D:5:      kennysheep_little_box, minmay_temple_entry_trees, serial_shops, shop,
          nicolae_shop_trees, basic_altar
D:6:      wad_crossroads, nicolae_overflow_hidden_temple, lemuel_tele_altar
D:7:      marbit_many_paths, vehumet_crystals, lemuel_zombie_altar_kikubaaqudgha
D:10:     erik_orc_3, basic_altar, serial_shops, nicolae_shop_crystal,
          uniq_joseph
Temple:   compressed_dpeg_triangle_lava_temple

Skill      XL: |  1  2  3  4  5  6  7  8  9 |
---------------+----------------------------+-----
Conjurations   | 2 3 4 5 6 |  6.6
Spellcasting   | 3 4 5 6 |  6.6
Fire Magic     | 4 5 6 7 |  7.6
Shields        | 2 4 |  4.0
Dodging        | |  2.0
Stealth        | |  2.6

Action                   |  1- 3 |  4- 6 |  7- 9 || total
-------------------------+-------+-------+-------++-------
Melee: Unarmed           |     7 |       |       ||     7
       Constrict         |     4 |     1 |    11 ||    16
       Tentacles         |     4 |       |    14 ||    18
       Dagger            |     3 |     1 |    61 ||    65
 Cast: Flame Tongue      |    52 |   110 |   205 ||   367
       Conjure Flame     |       |     1 |     3 ||     4
       Throw Flame       |       |     9 |    19 ||    28
       Sticky Flame      |       |       |    16 ||    16
  Use: Scroll            |       |     8 |       ||     8
       Potion            |       |       |     1 ||     1
 Stab: Sleeping          |       |       |     1 ||     1
       Distracted        |       |       |     1 ||     1
  Eat: Chunk             |     2 |     9 |    12 ||    23
       Royal jelly       |       |       |     1 ||     1
       Meat ration       |       |       |     1 ||     1
Armor: Skin              |     1 |     4 |    12 ||    17
Dodge: Dodged            |    15 |    16 |    68 ||    99
Block: Buckler           |       |       |    16 ||    16
